 Dungeon Crawl Stone Soup version 0.32-a0-42-ga30500b4d3 (webtiles) character file.

Game seed: 11484695184828670152

188 Ceno the Cudgeller (level 5, 43/43 HPs)
             Began as a Gnoll Reaver on Oct 17, 2023.
             Was an Initiate of the Shining One.
             Quit the game on level 6 of the Dungeon on Feb 1, 2024.
             The game lasted 00:15:07 (3077 turns).

Ceno the Cudgeller (Gnoll Reaver)                   Turns: 3077, Time: 00:15:07

Health: 43/43      AC:  7    Str: 14    XL:     5   Next: 67%
Magic:  12/12      EV: 11    Int: 12    God:    the Shining One [......]
Gold:   130        SH:  0    Dex: 10    Spells: 10/14 levels left

rFire   . . .        a - +0 mace
rCold   . . .        (no shield)
rNeg    . . .        k - +0 ring mail
rPois   .            g - +1 helmet
rElec   .            (no cloak)
rCorr   .            (no gloves)
SInv    .            (no boots)
Will    .....        (no amulet)
Stlth   +            (no ring)
HPRegen 0.27/turn    (no ring)
MPRegen 0.13/turn

%: no passive effects
@: glowing
A: fangs 1, strong nose, distributed training
a: Renounce Religion


You were on level 6 of the Dungeon.
You worshipped the Shining One.
The Shining One was noncommittal.
You visited 2 branches of the dungeon, and saw 5 of its levels.

You collected 130 gold pieces.

Inventory:

Hand Weapons
 a - a +0 mace (weapon)
 b - a +1 dagger of speed
 r - a +5 falchion of holy wrath
 s - a +0 trident
Missiles
 d - 8 stones
Armour
 g - a +1 helmet (worn)
 k - a +0 ring mail (worn)
Wands
 h - a wand of flame (18)
Scrolls
 e - a scroll of blinking
 f - a scroll of teleportation {unknown}
 i - a scroll of immolation
 l - a scroll of vulnerability {unknown}
 n - a scroll of enchant weapon {unknown}
 p - a scroll of fear {unknown}
Potions
 c - a potion of heal wounds {unknown}
 j - a potion of magic
 m - 2 potions of resistance
 o - a potion of enlightenment {unknown}
 q - a potion of ambrosia {unknown}


   Skills:
 + Level 4.8 Fighting
 + Level 1.6 Short Blades
 + Level 1.6 Long Blades
 + Level 1.6 Axes
 + Level 6.7 Maces & Flails
 + Level 1.6 Polearms
 + Level 1.6 Staves
 + Level 1.6 Ranged Weapons
 + Level 1.6 Throwing
 + Level 1.6 Armour
 + Level 4.8 Dodging
 + Level 1.6 Stealth
 + Level 1.6 Shields
 + Level 1.6 Unarmed Combat
 + Level 5.2 Spellcasting
 + Level 5.6 Conjurations
 + Level 1.3 Hexes
 + Level 1.3 Summonings
 + Level 1.3 Necromancy
 + Level 1.3 Translocations
 + Level 1.3 Fire Magic
 + Level 1.3 Ice Magic
 + Level 1.3 Air Magic
 + Level 1.3 Earth Magic
 + Level 1.3 Alchemy
 + Level 1.8 Invocations
 + Level 1.6 Evocations
 + Level 1.4 Shapeshifting


You had 10 spell levels left.
You knew the following spells:

 Your Spells              Type           Power      Damage    Failure   Level
a - Magic Dart            Conj           64%        1d6       4%          1
b - Momentum Strike       Conj/Tloc      22%        3d8       14%         2
c - Kiss of Death         Conj/Necr      44%        2d8       10%         1

Your spell library contained the following spells:

 Spells                   Type           Power      Damage    Failure   Level
 Sandblast                Erth           12%        2d6       24%         1
 Hailstorm                Conj/Ice       11%        3d6       28%         3
 Stone Arrow              Conj/Erth      22%        3d8       28%         3
 Call Imp                 Summ           12%        N/A       34%         2
 Mercury Vapours          Alch/Air       12%        N/A       34%         2
 Mephitic Cloud           Conj/Alch/Air  9%         N/A       36%         3
 Passwall                 Erth           6%         N/A       56%         3
 Brom's Barrelling Bould  Conj/Erth      11%        2d3       67%         4
 Freezing Cloud           Conj/Ice/Air   4%         6-21      98%         5


Dungeon Overview and Level Annotations

Branches:
Dungeon (6/15)             Temple (1/1) D:6

Altars:
Cheibriados
Fedhas
Nemelex Xobeh
Okawaru
Trog
Uskayaw
Wu Jian
Xom
The Shining One

Annotations:
D:3 Pargi


Innate Abilities, Weirdness & Mutations

You have very sharp teeth.
Your uncanny sense of smell can sniff out nearby items.
Your experience applies equally to all skills.


Message History

Aim: an orc, wielding a +0 trident (100% to hit)
The magic dart hits the orc.
The orc is almost dead.
Casting: Magic Dart (safe; 4% risk of failure)
Confirm with . or Enter, or press ? or * to list all spells.
Aiming: Magic Dart (safe; 4% risk of failure)
Press: ? - help, Shift-Dir - straight line, f/p - orc
Aim: an orc, wielding a +0 trident (almost dead, 100% to hit)
The magic dart hits the orc.
You kill the orc!
There is a staircase to the Ecumenical Temple here.
You climb downwards.
Welcome back to the Ecumenical Temple!
There is a staircase back to the Dungeon, spattered with blood here.
You start resting.
Magic restored.
You climb upwards.
Welcome back to the Dungeon!
There is a staircase to the Ecumenical Temple here.
You see here a +0 trident.
s - a +0 trident
There is a staircase to the Ecumenical Temple here.
You climb downwards.
Welcome back to the Ecumenical Temple!
There is a staircase back to the Dungeon, spattered with blood here.
Things that are here:
a +0 robe; a +0 dagger; an orc corpse Done exploring.
Done exploring.
There is an empty arch of ancient stone here.
There is an empty arch of ancient stone here.
There is an empty arch of ancient stone here.
There is a staircase back to the Dungeon, spattered with blood here.
You climb upwards.
Welcome back to the Dungeon!
There is a staircase to the Ecumenical Temple here.
Saving game... please wait.
Your Transmutations skill gained 2 levels and is now at level 3!
Welcome back, Ceno the Gnoll Reaver.
The Shining One says: Lead the forces of light to victory!
Press ? for a list of commands and other information.
There is a staircase to the Ecumenical Temple here.
There is a staircase to the Ecumenical Temple here.
Are you sure you want to abandon this character and quit the game? (Confirm with "yes".)

## ## ######.. #..
...... #.. #...# #..
#.⌠.# ##
#.###...###..##
##.....†........ .##
###...⌠.@>..⌠.....
...##
##..............###
....##.....###...###.#
#............#.⌠.# #
####..........#...#
#...................
.....................
..##....#######.#...
##....## ..#


There were no monsters in sight!

Vanquished Creatures
  A sleepcap (D:6)
  2 orc wizards (Temple)
  A gnoll (D:1)
  4 adders
  An adder zombie (D:2)
  A dart slug (D:3)
  2 orcs (D:6)
  A bat skeleton (D:2)
  A bat zombie (D:2)
  6 endoplasms
  A giant cockroach (D:2)
  5 goblins
  6 hobgoblins
  3 jackals (D:2)
  2 quokkas (D:2)
  5 ball pythons
  2 ball python skeletons (D:2)
  A ball python zombie (D:2)
  5 bats
  A frilled lizard (D:2)
  3 kobolds
  3 rats
57 creatures vanquished.

Notes
Turn   | Place    | Note
-------+----------+-------------------------------------------
     0 | D:1      | Ceno the Gnoll Reaver began the quest for the Orb.
     0 | D:1      | Reached XP level 1. HP: 20/20 MP: 6/6
   274 | D:1      | Reached XP level 2. HP: 25/26 MP: 7/7
   326 | D:1      | Learned a level 2 spell: Momentum Strike
   647 | D:1      | Reached skill level 5 in Spellcasting
   647 | D:1      | Reached XP level 3. HP: 12/29 MP: 6/9
  1306 | D:2      | Reached skill level 1 in Invocations
  1544 | D:2      | Reached skill level 1 in Short Blades
  1544 | D:2      | Reached skill level 1 in Long Blades
  1544 | D:2      | Reached skill level 1 in Axes
  1544 | D:2      | Reached skill level 1 in Polearms
  1544 | D:2      | Reached skill level 1 in Staves
  1544 | D:2      | Reached skill level 1 in Ranged Weapons
  1544 | D:2      | Reached skill level 1 in Throwing
  1544 | D:2      | Reached skill level 1 in Armour
  1544 | D:2      | Reached skill level 1 in Stealth
  1544 | D:2      | Reached skill level 1 in Shields
  1544 | D:2      | Reached skill level 1 in Unarmed Combat
  1544 | D:2      | Reached skill level 1 in Evocations
  1777 | D:2      | Reached skill level 1 in Shapeshifting
  1777 | D:2      | Reached XP level 4. HP: 28/38 MP: 11/11
  2060 | D:2      | Reached skill level 1 in Hexes
  2060 | D:2      | Reached skill level 1 in Summonings
  2060 | D:2      | Reached skill level 1 in Necromancy
  2060 | D:2      | Reached skill level 1 in Translocations
  2060 | D:2      | Reached skill level 1 in Transmutations
  2060 | D:2      | Reached skill level 1 in Fire Magic
  2060 | D:2      | Reached skill level 1 in Ice Magic
  2060 | D:2      | Reached skill level 1 in Air Magic
  2060 | D:2      | Reached skill level 1 in Earth Magic
  2060 | D:2      | Reached skill level 1 in Alchemy
  2284 | D:2      | Learned a level 1 spell: Magic Dart
  2511 | D:3      | Noticed Pargi
  2759 | D:3      | You fall into a shaft and drop 3 floors!
  2764 | D:6      | Found a glowing golden altar of the Shining One.
  2771 | D:6      | Became a worshipper of the Shining One
  2799 | D:6      | Reached XP level 5. HP: 14/43 MP: 9/12
  2914 | D:6      | Found a staircase to the Ecumenical Temple.
  2923 | Temple   | Entered the Ecumenical Temple
  3070 | D:6      | Upgraded the game from 0.31-a0-920-g28cbb04a8c to
                  | 0.32-a0-42-ga30500b4d3
  3077 | D:6      | Quit the game

Illustrated notes

Levels and vault maps discovered:
D:1:      minmay_arrival_split_and_join, layout_loops_ring
D:2:      layout_basic, serial_undead, serial_undead_f, serial_undead_c,
          serial_undead_c, serial_undead_c
D:3:      layout_basic, nicolae_overflow_hidden_temple, uniq_pargi
D:6:      layout_layer_cave, nicolae_tso_carved_into_rock,
          minmay_temple_entry_junction_2, serial_shops, nicolae_stop_n_shop_2
Temple:   hellmonk_temple_forest_ring

Skill      XL: |  1  2  3  4  5 |
---------------+----------------+-----
Spellcasting   | 5 |  5.2
Invocations    | 1 |  1.8
Short Blades   | 1 |  1.6
Long Blades    | 1 |  1.6
Axes           | 1 |  1.6
Polearms       | 1 |  1.6
Staves         | 1 |  1.6
Ranged Weapons | 1 |  1.6
Throwing       | 1 |  1.6
Armour         | 1 |  1.6
Stealth        | 1 |  1.6
Shields        | 1 |  1.6
Unarmed Combat | 1 |  1.6
Evocations     | 1 |  1.6
Shapeshifting  | 1 |  1.4
Hexes          | 1 |  1.3
Summonings     | 1 |  1.3
Necromancy     | 1 |  1.3
Translocations | 1 |  1.3
Transmutations | 1 3 |  0.0
Fire Magic     | 1 |  1.3
Ice Magic      | 1 |  1.3
Air Magic      | 1 |  1.3
Earth Magic    | 1 |  1.3
Alchemy        | 1 |  1.3
Fighting       | |  4.8
Maces & Flails | |  6.7
Dodging        | |  4.8
Conjurations   | |  5.6

Action                     |  1- 3 |  4- 6 || total
---------------------------+-------+-------++-------
  Melee: Mace              |   127 |    83 ||   210
         Bite              |    11 |     8 ||    19
         Punch             |     2 |     2 ||     4
   Cast: Kiss of Death     |     1 |       ||     1
         Magic Dart        |       |    12 ||    12
         Momentum Strike   |       |     3 ||     3
    Use: Scroll            |     1 |     3 ||     4
   Stab: Sleeping          |     2 |       ||     2
 Armour: Leather armour    |    38 |       ||    38
         Ring mail         |    31 |    46 ||    77
  Dodge: Dodged            |    81 |    43 ||   124

Table legend: (Time is in decaauts)
 A = Elapsed time spent in this place.
 B = Non-inter-level travel time spent in this place.
 C = Inter-level travel time spent in this place.
 D = Time resting spent in this place.
 E = Time spent auto-exploring this place.
 F = Levels seen in this place.
 G = Mean time per level.
                   A        B        C        D        E       F      G
               +--------+--------+--------+--------+--------+-----+--------+
         Total |   3099 |   2973 |    126 |    456 |   1144 |   5 |  619.8 |
       Dungeon |   2974 |   2848 |    126 |    403 |   1144 |   4 |  743.5 |
        Temple |    125 |    125 |      0 |     53 |      0 |   1 |  125.0 |
               +--------+--------+--------+--------+--------+-----+--------+

Top non-repeatable levels by time:
     D:1: 1213 daAuts
     D:2: 1152 daAuts
     D:3: 408 daAuts
     D:6: 198 daAuts
  Temple: 125 daAuts
